 Dungeon Crawl Stone Soup version 0.18-a0-1702-gd20c6a5 (webtiles) character file.

115 George the Shield-Bearer (level 5, 0/42 HPs)
             Began as a Formicid Fighter on Apr 7, 2016.
             Slain by an orc
             ... wielding a +0 war axe
              (7 damage)
             ... on level 3 of the Dungeon.
             The game lasted 00:03:08 (2158 turns).

George the Shield-Bearer (Formicid Fighter)         Turns: 2158, Time: 00:03:09

Health: 0/42       AC:  8    Str: 22    XL:     5   Next: 20%
Magic:  5/5        EV:  8    Int:  7    God:
Gold:   116        SH: 10    Dex: 10    Spells: 0 memorised, 4 levels left

rFire  . . .     SeeInvis +     a - +0 long sword
rCold  . . .     Gourm    .     b - +0 scale mail
rNeg   . . .     Faith    .     c - +0 shield
rPois  .         Spirit   .     (helmet unavailable)
rElec  .         Dismiss  .     (no cloak)
rCorr  .         Reflect  .     u - +0 pair of gloves
SustAt .         Harm     .     (no boots)
MR     .....                    (no amulet)
Stlth  ..........               (no ring)
                                (no ring)

@: not resistant to hostile enchantments, extremely unstealthy
A: permanent stasis, dig shafts and tunnels, four strong arms, antennae 3
a: Dig, Shaft Self


You were on level 3 of the Dungeon.
You were hungry.

You visited 1 branch of the dungeon, and saw 3 of its levels.

You collected 116 gold pieces.

Inventory:

Hand Weapons
 a - a +0 long sword (weapon)
 m - a +3 short sword
Armour
 b - a +0 scale mail (worn)
 c - a +0 shield (worn)
 u - a +0 pair of gloves (worn)
Scrolls
 g - a scroll of blinking {unknown}
 h - 3 scrolls of fog {unknown}
 i - a scroll of enchant armour {unknown}
 n - 2 scrolls of magic mapping {unknown}
 q - 2 scrolls of identify {unknown}
Potions
 d - a potion of might
 j - a potion of cure mutation {unknown}
 k - a potion of agility {unknown}
 l - a potion of lignification {unknown}
 p - a potion of resistance {unknown}
 s - 2 potions of berserk rage {unknown}
Comestibles
 f - a bread ration
 r - a royal jelly
 t - a meat ration


   Skills:
 + Level 4.1 Fighting
 + Level 3.0 Long Blades
 + Level 4.0 Armour
 + Level 4.6 Shields


You had 4 spell levels left.
You didn't know any spells.

Dungeon Overview and Level Annotations

Branches:
Dungeon (3/15)

Altars:
Elyvilon
Trog


Innate Abilities, Weirdness & Mutations

You are under a permanent stasis effect.
You can dig through walls and to a lower floor.
Your four strong arms can wield two-handed weapons with a shield.
You have a pair of large antennae on your head (SInv).


Message History

You kill the orc wizard!
Your Long Blades skill increases to level 3!
Your Armour skill increases to level 4!
You have reached level 5!
You hit the orc but do no damage. The orc hits you but does no damage.
You closely miss the orc. You block the orc's attack.
You hit the orc.
The orc is almost dead.
The orc hits you with a hand axe.
* * * LOW HITPOINT WARNING * * *
The orc closely misses you.
You closely miss the orc.
The orc is almost dead.
The orc closely misses you.
You hit the orc.
You kill the orc!
You hit the orc.
The orc is heavily wounded.
The orc hits you with a war axe!
You die...

.## #.#
#.#####.#...# .#
. #.####..#{#..#
.# #
#....#.##..#... .
####.#.###.###.
#...# .# ##..#
.#### ##..# .....
##o..# #.#.
#@#รท.# .##...#
###..###
...?..o####....#
#.o...#.).##.#
##....(.#.......#
####.o..........
###..........#
##.........#
##........#


You could see an orc.

Vanquished Creatures
  An orc wizard (D:3)
  2 adders (D:3)
  2 worms (D:2)
  3 dart slugs
  2 giant geckos
  2 orcs (D:3)
  2 giant cockroaches
  5 goblins
  12 hobgoblins
  6 kobolds
  2 quokkas (D:3)
  2 ball pythons (D:1)
  4 bats
  2 giant newts (D:1)
  6 rats
53 creatures vanquished.

Notes
Turn   | Place    | Note
--------------------------------------------------------------
     0 | D:1      | George the Formicid Fighter began the quest for the Orb.
     0 | D:1      | Reached XP level 1. HP: 18/18 MP: 1/1
   167 | D:1      | Reached XP level 2. HP: 24/24 MP: 2/2
   490 | D:1      | Reached XP level 3. HP: 29/29 MP: 3/3
  1137 | D:2      | Found a white marble altar of Elyvilon.
  1676 | D:2      | Reached XP level 4. HP: 35/37 MP: 4/4
  1828 | D:3      | Found a bloodstained altar of Trog.
  2152 | D:3      | Reached XP level 5. HP: 9/42 MP: 5/5
  2158 | D:3      | Slain by an orc

Vault maps used:
D:1:      dpeg_arrival_water_fire, minmay_shallow_snake_nest
D:2:      elyvilon_altar_4
D:3:      lightli_temple_of_fire

Skill      XL: |  1  2  3  4 |
---------------+-------------+-----
Shields        | 4 |  4.6
Fighting       | 4 |  4.1
Long Blades    | 3 |  3.0
Armour         | 4 |  4.0

Action                   |  1- 3 |  4- 6 || total
-------------------------+-------+-------++-------
Melee: Long sword        |   147 |    90 ||   237
 Abil: Dig               |       |     1 ||     1
  Eat: Chunk             |     2 |     2 ||     4
